 Dungeon Crawl Stone Soup version 0.31-a0-986-g5e6e4ef867 (webtiles) character file.

Game seed: 10069201402285424224

268576 fleeber the Acrobat (level 20, -19/174 HPs)
             Began as a Merfolk Gladiator on Nov 18, 2023.
             Was the Champion of Makhleb.
             Demolished by a reaper
             ... wielding a +1 heavy scythe
             ... summoned by a deep elf demonologist
             ... led by a deep elf high priest
              (47 damage)
             ... on level 2 of the Elven Halls on Nov 21, 2023.
             The game lasted 04:15:03 (49720 turns).

fleeber the Acrobat (Merfolk Gladiator)            Turns: 49720, Time: 04:15:04

Health: -19/174    AC: 19    Str: 13    XL:     20   Next: 16%
Magic:  29/29      EV: 29    Int:  9    God:    Makhleb [******]
Gold:   1157       SH:  5    Dex: 22    Spells: 19/19 levels left

rFire   + + .        O - +3 double sword (flame)
rCold   + + +        (no shield)
rNeg    . . .        F - +3 leather armour of Ixukk {rPois Str-2 SInv}
rPois   +            c - +2 helmet
rElec   .            r - +2 cloak {rC+}
rCorr   +            g - +2 pair of gloves
SInv    +            p - +2 pair of boots
Will    +....        a - amulet "Zulaku Geel" {Reflect rCorr Dex+3 SH+5}
Stlth   ++           w - ring of protection from fire
HPRegen 0.49/turn    t - ring "Cimegr Qudd" {rF+ rC++ rCorr Dex-3 Slay+4}
MPRegen 0.21/turn

%: reflection
@: studying Long Blades
A: (nimble swimmer 2), mertail
}: 2/15 runes: serpentine, barnacled
a: Renounce Religion, Minor Destruction, Lesser Servant of Makhleb, Major
Destruction, Greater Servant of Makhleb


You were on level 2 of the Elven Halls.
You worshipped Makhleb.
Makhleb was exalted by your worship.
You visited 6 branches of the dungeon, and saw 32 of its levels.
You visited the Abyss 1 time.
You also visited: Ossuary and Ice Cave.

You collected 3336 gold pieces.
You spent 2179 gold pieces at shops.

Inventory:

Hand Weapons
 O - a +3 double sword of flaming (weapon)
 R - the +5 falchion "Ujoskuw" {speed, Will+ Str-2 Dex+4 Stlth+}
   (You found it on level 15 of the Dungeon)

   Str-2:     It affects your strength (-2).
   Dex+4:     It affects your dexterity (+4).
   Will+:     It increases your willpower.
   Stlth+:    It makes you more stealthy.
Missiles
 d - 9 throwing nets
 e - 14 javelins
 f - 56 stones (quivered)
 k - 43 poisoned darts
 L - 4 curare-tipped darts
Armour
 c - a +2 helmet (worn)
 g - a +2 pair of gloves (worn)
 p - a +2 pair of boots (worn)
 r - a +2 cloak of cold resistance (worn)
 F - the +3 leather armour of Ixukk (worn) {rPois Str-2 SInv}
   (You found it on level 1 of the Snake Pit)

   Str-2:     It affects your strength (-2).
   rPois:     It protects you from poison SInv: It lets you see invisible.
 Z - a +3 buckler
Jewellery
 a - the amulet "Zulaku Geel" (around neck) {Reflect rCorr Dex+3 SH+5}
   (You bought it in a shop on level 3 of the Snake Pit)

   [amulet of reflection]

   Reflect:   It reflects blocked missile attacks.
   Dex+3:     It affects your dexterity (+3).
   rCorr:     It protects you from acid and corrosion.
   SH+5:      It affects your SH (+5).
 t - the ring "Cimegr Qudd" (right hand) {rF+ rC++ rCorr Dex-3 Slay+4}
   (You found it on level 3 of the Dungeon)

   [ring of slaying]

   Dex-3:     It affects your dexterity (-3).
   Slay+4:    It affects your accuracy & damage with ranged weapons and melee
   (+4).
   rF+:       It protects you from fire.
   rC++:      It greatly protects you from cold.
   rCorr:     It protects you from acid and corrosion.
 w - a ring of protection from fire (left hand)
 V - a ring of willpower
Wands
 G - a wand of light (22)
 I - a wand of paralysis (28)
 J - a wand of iceblast (30)
 K - a wand of flame (56)
 P - a wand of polymorph (30)
 S - a wand of mindburst (12)
Scrolls
 m - 2 scrolls of blinking
 o - 10 scrolls of vulnerability
 q - 5 scrolls of fog
 s - 4 scrolls of teleportation
 u - 4 scrolls of immolation
 x - 8 scrolls of fear
 y - a scroll of summoning
 z - 2 scrolls of silence
 A - a scroll of poison
 B - 5 scrolls of revelation
 M - 6 scrolls of noise
 T - 4 scrolls of torment
Potions
 b - 3 potions of magic
 h - a potion of haste
 i - 2 potions of resistance
 j - 7 potions of ambrosia
 l - 7 potions of curing
 n - 4 potions of heal wounds
 v - 2 potions of lignification
 C - 2 potions of mutation
 D - 3 potions of attraction
 E - 2 potions of invisibility
 H - 2 potions of brilliance
 Q - a potion of might
 U - a potion of cancellation
 X - 4 potions of enlightenment
Miscellaneous
 N - a lightning rod (4/4)
 W - a phantom mirror
 Y - a phial of floods


   Skills:
 + Level 19.2 Fighting
 + Level 20.4 Long Blades
 - Level 12.0 Throwing
 - Level 6.0 Armour
 + Level 22.4 Dodging
 - Level 8.0 Shields
 - Level 12.0 Invocations
 - Level 12.0 Evocations


You had 19 spell levels left.
You didn't know any spells.
Your spell library contained the following spells:

 Spells                   Type           Power      Damage    Failure   Level
 Apportation              Tloc           0%         N/A       45%         1
 Freeze                   Ice            0%         1d3       45%         1
 Magic Dart               Conj           0%         1d3       45%         1
 Necrotise                Necr           0%         1d4       45%         1
 Sting                    Tmut/Pois      0%         1d3       45%         1
 Summon Small Mammal      Summ           0%         N/A       45%         1
 Call Imp                 Summ           0%         N/A       58%         2
 Ensorcelled Hibernation  Hex/Ice        0%         N/A       58%         2
 Passwall                 Tmut/Erth      0%         N/A       58%         2
 Poisonous Vapours        Pois/Air       0%         N/A       58%         2
 Searing Ray              Conj           0%         2d4       58%         2
 Sublimation of Blood     Necr           0%         N/A       58%         2
 Call Canine Familiar     Summ           0%         N/A       83%         3
 Frozen Ramparts          Ice            0%         1d1       83%         3
 Gell's Gravitas          Tloc           0%         N/A       83%         3
 Hailstorm                Conj/Ice       0%         3d3       83%         3
 Summon Guardian Golem    Hex/Summ       0%         N/A       83%         3
 Swiftness                Air            0%         N/A       83%         3
 Teleport Other           Tloc           0%         N/A       83%         3
 Vampiric Draining        Necr           0%         2d6       83%         3
 Cause Fear               Hex            0%         N/A       99%         4
 Fulminant Prism          Conj/Hex       0%         3d5       99%         4
 Olgreb's Toxic Radiance  Pois           0%         N/A       99%         4
 Petrify                  Tmut/Erth      0%         N/A       99%         4
 Summon Ice Beast         Ice/Summ       0%         N/A       99%         4
 Agony                    Necr           0%         N/A       100%        5
 Fireball                 Conj/Fire      0%         3d3       100%        5
 Irradiate                Conj/Tmut      0%         3d11      100%        5
 Iskenderun's Battlesphe  Conj           0%         2d6       100%        5
 Metabolic Englaciation   Hex/Ice        0%         N/A       100%        5
 Bombard                  Conj/Erth      0%         9d1       100%        6
 Dispersal                Tloc           0%         N/A       100%        6
 Malign Gateway           Summ/Tloc      0%         N/A       100%        7
 Spellforged Servitor     Conj/Summ      0%         N/A       100%        7
 Summon Horrible Things   Summ           0%         N/A       100%        8
 Dragon's Call            Summ           0%         N/A       100%        9


Dungeon Overview and Level Annotations

Branches:
Dungeon (15/15)            Temple (0/1) D:6            Lair (5/5) D:11
 Shoals (4/4) Lair:2        Snake (4/4) Lair:2        Slime (0/5) Lair:4
    Orc (2/2) D:12            Elf (2/3) Orc:2        Vaults (0/5) D:14
 Depths (0/4) D:15        Ossuary (visited)           IceCv (visited)

Altars:
Ashenzari
Gozag
Makhleb
Okawaru
Sif Muna

Shops:
D:5 (   Orc:2 ([=*   Elf:1 (   Shoals:1 :   Snake:3 (=*

Portals:
Trove: D:13 (give 12 potions of heal wounds)

Annotations:
D:5 exclusion: 2 downstairs
D:6 exclusion: downstairs
D:7 2 runed translucent doors, Crazy Yiuf; XomNomNom's ghost, novice TrMo
D:13 exclusion: obsidian statue
D:14 exclusion: orange crystal statue
Lair:1 exclusion: 2 oklob plants, Urug
Lair:3 exclusion: downstairs
Lair:4 2 runed translucent doors, pigah's ghost, journeyman OpSh
Elf:1 3 runed translucent doors, Adatourgh's ghost, journeyman KoHu; perezv8180's ghost, adept GrFi
Elf:2 3 runed translucent doors


Innate Abilities, Weirdness & Mutations

((You are very nimble when in or above water. (Stealth+, EV+, Speed+++)))
Your lower body shifts to a powerful aquatic tail in water.


Message History

Things that are here:
a +0 leather armour; a +0 dagger; a +0 longbow You swap places.
Something closely misses your spriggan. Something barely misses your spriggan.
Something hits your spriggan. Something hits your spriggan!
Something hits your spriggan. x2
Something completely misses your spriggan.
Something hits your spriggan!
Your spriggan dies!
Your spriggan's corpse dissolves into shadows!
Things that are here:
a +0 long sword; an elf skeleton The Executioner hits you.
* * * LOW HITPOINT WARNING * * *
The Executioner closely misses you.
The Executioner hits you but does no damage.
Blink to where?
Press: ? - help, Dir - move target
As you read the scroll of blinking, it crumbles to dust.
The blizzard demon gestures at you. The freezing blast misses you.
You are engulfed in freezing vapours.
You resist.
* * * LOW HITPOINT WARNING * * *
You block the reaper's attack.
The Executioner is engulfed in freezing vapours.
The Executioner closely misses you. The Executioner completely misses you.
The Executioner closely misses you.
The Executioner is engulfed in freezing vapours.
The Executioner hits you!
* * * LOW HITPOINT WARNING * * *
The Executioner completely misses you. The Executioner barely misses you.
There is a stone staircase leading up, spattered with blood here.
The Executioner is engulfed in freezing vapours.
The Executioner misses you. The Executioner closely misses you.
The Executioner barely misses you.
The Executioner is engulfed in freezing vapours.
The Executioner barely misses you. The Executioner hits you.
* * * LOW HITPOINT WARNING * * *
The Executioner completely misses you.
The reaper hits you from afar with a +1 heavy scythe!!!
You die...

##### #...# #...#
##########...#
#....[..##...#####
###.....☼°○...#
#.....)○○§1@..#
......#...[.☼○°...#
#...#####)##..2#####
#...#####e##.2e#
......).$.##[#.##
.>.....)..#e###§#
#.........##)#)##
#.........##)e##
....).....##e##


You could see a reaper (summoned), an Executioner (summoned, fast), a blizzard
demon (ally target), a deep elf demonologist and a friendly deep elf
demonologist (summoned).

Vanquished Creatures
  Saint Roka (Snake:2)
  Vashnia (Snake:4)
  Asterion (Snake:4)
  Gastronok (Lair:2)
  2 sphinxes (Shoals:4)
  Donald (Snake:1)
  7 nagarajas
  A fenstrider witch (Shoals:1)
  A frost giant (IceCv)
  A ghoul (Abyss:4)
  An orc warlord (Orc:1)
  An ironbound thunderhulk (D:14)
  2 elemental wellsprings (Shoals:3)
  2 deep elf demonologists
  2 minotaurs (Shoals:4)
  A deep elf death mage (Elf:2)
  3 ettins
  5 merfolk impalers
  3 fire dragons
  An entropy weaver (shapeshifter) (D:13)
  4 hydras
  Harold (D:11)
  A salamander tyrant (Snake:3)
  An ogre mage (D:15)
  2 vault guards (D:13)
  A great orb of eyes (D:13)
  3 merfolk avatars (Shoals:4)
  3 alligator snapping turtles
  A catoblepas (shapeshifter) (Elf:1)
  8 two-headed ogres
  12 anacondas
  3 catoblepae
  6 boulder beetles
  Erica (Lair:2)
  8 centaur warriors
  11 satyrs
  A merfolk aquamancer (Shoals:1)
  8 death yaks
  20 naga sharpshooters
  6 dancing weapons
  A two-headed ogre (shapeshifter) (D:13)
  12 shock serpents
  10 naga warriors
  4 thrashing horrors (Abyss:4)
  3 tengu warriors
  10 deep elf knights
  4 salamander mystics
  2 skeletal warriors (D:12)
  A sixfirhy (Abyss:4)
  A wretched star (Abyss:3)
  5 skysharks
  15 sea snakes
  A goliath frog (D:6)
  12 naga ritualists
  2 flayed ghosts (Abyss:3)
  Pikel (D:6)
  6 orc knights
  10 deep elf pyromancers
  16 deep elf zephyrmancers
  9 mana vipers
  6 ugly things
  14 deep elf archers
  20 fauns
  16 harpies
  2 orc sorcerers
  17 manticores
  3 cyclopes
  11 salamanders
  11 elephants
  29 black mambas
  12 water nymphs
  An ice statue (IceCv)
  An apocalypse crab (Abyss:3)
  8 guardian serpents
  25 naga magi
  11 merfolk sirens
  Maggie (D:8)
  A torpor snail (Lair:5)
  8 cane toads
  3 komodo dragons
  2 unseen horrors
  A yaktaur (D:15)
  2 efreet
  3 rime drakes
  9 trolls
  3 wind drakes
  7 large abominations
  16 merfolk
  20 polar bears
  4 raiju (Abyss:4)
  6 hornets
  18 blink frogs
  10 snapping turtles
  8 dream sheep
  8 slime creatures
  A vampire (D:13)
  A ynoxinul (Abyss:4)
  4 shadows
  6 wraiths
  15 spriggans
  9 water elementals
  2 air elementals
  5 wyverns
  A redback (D:13)
  75 yaks
  A golden eye (shapeshifter) (Elf:1)
  8 basilisks
  A steam dragon (D:8)
  13 vampire mosquitoes
  A chaos spawn (Abyss:4)
  57 nagas
  A neqoxec (Abyss:4)
  5 wargs
  An acid dragon (D:11)
  3 small abominations
  13 water moccasins
  A black bear (shapeshifter) (D:13)
  31 orc warriors
  3 ice beasts
  A hornet zombie (D:8)
  2 black bears (Lair:5)
  11 ogres
  46 wolves
  8 boggarts
  14 centaurs
  2 lemures (D:7)
  A bullfrog (shapeshifter) (D:13)
  4 kobold brigands
  Blork the orc (D:6)
  14 bullfrogs
  A wyvern zombie (D:8)
  3 gnoll sergeants
  A scorpion (D:5)
  21 wights
  10 killer bees (D:9)
  4 electric eels
  6 howler monkeys
  2 lava snakes (Lair:2)
  A centaur zombie (D:8)
  6 hounds
  A gnoll bouda (D:7)
  3 jellies
  9 orc priests
  3 iguanas
  19 orc wizards
  6 hell rats (Lair:4)
  A killer bee zombie (D:8)
  2 mummies
  13 gnolls
  8 adders
  2 shadow imps
  2 ufetubi (Abyss:4)
  5 worms
  3 dart slugs
  74 orcs
  6 ball pythons
  8 bats
  7 endoplasms
  A giant cockroach (D:2)
  8 goblins
  8 hobgoblins
  15 jackals
  2 quokkas
  5 frilled lizards
  5 gnoll skeletons (Ossuary)
  3 hobgoblin zombies (D:6)
  18 kobolds
  5 kobold skeletons (Ossuary)
  A kobold zombie (D:6)
  15 orc skeletons (Ossuary)
  2 rats (D:1)
1258 creatures vanquished.

Vanquished Creatures (collateral kills)
  A deep elf pyromancer (Elf:1)
1 creature vanquished.

Vanquished Creatures (others)
  An orc wizard (Orc:1)
  5 foxfires (Abyss:4)
  9 spectral weapons
  7 starspawn tentacles (Abyss:4)
  27 tentacles (Shoals:4)
49 creatures vanquished.

Grand Total: 1308 creatures vanquished

Notes
Turn   | Place    | Note
-------+----------+-------------------------------------------
     0 | D:1      | fleeber the Merfolk Gladiator began the quest for the Orb.
     0 | D:1      | Reached XP level 1. HP: 16/16 MP: 1/1
   252 | D:1      | Reached XP level 2. HP: 23/23 MP: 2/2
   422 | D:1      | Reached XP level 3. HP: 23/28 MP: 3/3
   861 | D:2      | Reached XP level 4. HP: 18/34 MP: 4/4
  1070 | D:1      | Reached skill level 5 in Long Blades
  1179 | D:2      | Identified the +1 leather armour of Cheibriados's Pride
                  | {Regen+}
  1409 | D:2      | Reached XP level 5. HP: 39/39 MP: 5/5
  1413 | D:2      | Found a burning altar of Makhleb.
  1454 | D:2      | Became a worshipper of Makhleb the Destroyer
  1685 | D:3      | Identified the ring "Cimegr Qudd" {rF+ rC++ rCorr Dex-3
                  | Slay+4}
  1771 | D:3      | Found a faded altar of an unknown god.
  2578 | D:4      | Reached XP level 6. HP: 46/46 MP: 6/6
  2581 | D:4      | Reached * piety under Makhleb
  2780 | D:4      | Found a sand-covered staircase.
  2787 | Ossuary  | Entered an ossuary
  2787 | Ossuary  | Noticed a wraith
  2787 | Ossuary  | Noticed a wraith
  2787 | Ossuary  | Noticed a wraith
  2838 | Ossuary  | Noticed a wraith
  2846 | Ossuary  | Killed a wraith
  2847 | Ossuary  | Reached XP level 7. HP: 29/51 MP: 7/7
  3020 | Ossuary  | Reached ** piety under Makhleb
  3187 | D:4      | Found an iron altar of Okawaru.
  3239 | D:5      | Entered Level 5 of the Dungeon
  3294 | D:5      | Found Jiuvvel's Hydra Hut.
  3296 | D:5      | Noticed an eight-headed hydra
  3309 | D:5      | Reached skill level 10 in Long Blades
  3394 | D:5      | Reached XP level 8. HP: 52/57 MP: 8/8
  4208 | D:6      | Noticed Jeremiah
  4746 | D:7      | Noticed a two-headed ogre
  4756 | D:7      | Noticed a hornet
  4999 | D:7      | Reached XP level 9. HP: 30/62 MP: 9/9
  5000 | D:7      | Reached *** piety under Makhleb
  5238 | D:7      | Killed a two-headed ogre
  5239 | D:7      | Reached skill level 1 in Armour
  5239 | D:7      | Reached skill level 5 in Dodging
  5460 | D:7      | Killed a hornet
  5493 | D:7      | Noticed XomNomNom's ghost (novice TrMo)
  5504 | D:7      | Noticed Pikel
  5649 | D:6      | Killed Pikel
  5650 | D:6      | Reached skill level 6 in Dodging
  5650 | D:6      | Reached XP level 10. HP: 49/73 MP: 12/12
  6072 | D:7      | Noticed Joseph
  6073 | D:7      | Noticed a boulder beetle
  6559 | D:8      | Reached skill level 5 in Fighting
  6817 | D:8      | Noticed Maggie
  6825 | D:8      | Killed Maggie
  6826 | D:8      | Reached skill level 7 in Dodging
  7491 | D:9      | Reached skill level 5 in Throwing
  7495 | D:9      | Reached **** piety under Makhleb
  7498 | D:9      | Identified the +3 great mace of Outrage {freeze, *Noise
                  | Str+2 Dex+6}
  7527 | D:9      | Found an opulent altar of Gozag.
  7654 | D:9      | Noticed a two-headed ogre
  7674 | D:9      | Killed a two-headed ogre
  7675 | D:9      | Reached skill level 1 in Evocations
  7688 | D:9      | Reached skill level 5 in Invocations
  8010 | D:9      | Noticed a two-headed ogre
  8017 | D:9      | Killed a two-headed ogre
  8018 | D:9      | Reached skill level 8 in Dodging
  8018 | D:9      | Reached XP level 11. HP: 79/81 MP: 13/15
  8786 | D:10     | Entered Level 10 of the Dungeon
 10010 | D:7      | Killed a boulder beetle
 10011 | D:7      | Reached skill level 9 in Dodging
 10301 | D:6      | Paralysed by a wight for 3 turns
 10357 | D:6      | Jeremiah changed into Jeremiah the goliath frog
 10357 | D:6      | Noticed Jeremiah
 10499 | D:7      | Reached ***** piety under Makhleb
 10547 | D:7      | Found a runed translucent door.
 10584 | D:7      | Found a runed translucent door.
 10585 | D:7      | Noticed Crazy Yiuf
 11324 | D:6      | Killed Jeremiah the goliath frog
 11392 | D:6      | Found a staircase to the Ecumenical Temple.
 11397 | D:6      | Identified the +4 war axe "Tumeuf" {protect, Str+5 Int-3
                  | Dex+3}
 11546 | D:6      | Noticed Blork the orc
 11552 | D:6      | Killed Blork the orc
 11829 | D:11     | Noticed Harold
 11956 | D:11     | Killed Harold
 12060 | D:11     | Reached XP level 12. HP: 68/92 MP: 17/17
 12307 | D:11     | Found a staircase to the Lair.
 12488 | D:11     | Reached skill level 10 in Dodging
 12509 | D:11     | Reached skill level 5 in Evocations
 12942 | Lair:1   | Entered Level 1 of the Lair of Beasts
 13166 | Lair:1   | Noticed a catoblepas
 13300 | Lair:1   | Killed a catoblepas
 13659 | Lair:1   | Noticed Urug
 13932 | Lair:1   | Reached skill level 11 in Dodging
 14156 | Lair:2   | Noticed Erica
 14413 | Lair:2   | Killed Erica
 14414 | Lair:2   | Reached XP level 13. HP: 101/101 MP: 19/19
 14499 | Lair:2   | Found a staircase to the Snake Pit.
 14611 | Lair:2   | Reached skill level 12 in Dodging
 14648 | Lair:2   | Reached skill level 10 in Fighting
 14741 | Lair:2   | Found an iron altar of Okawaru.
 14954 | Lair:2   | Found a staircase to the Shoals.
 15345 | Lair:2   | Reached ****** piety under Makhleb
 15419 | Lair:2   | Noticed Gastronok
 15458 | Lair:2   | Killed Gastronok
 16119 | Lair:3   | Reached skill level 13 in Dodging
 16581 | Lair:4   | Found a broken altar of Ashenzari.
 16672 | Lair:4   | Identified the +0 ring mail of Trial and Error {rElec Will-
                  | Slay+5}
 17253 | Lair:4   | Found a large runed translucent door.
 17254 | Lair:4   | Found a large runed translucent door.
 17255 | Lair:4   | Noticed pigah's ghost (journeyman OpSh)
 17381 | Lair:4   | Found a staircase to the Slime Pits.
 17796 | Lair:5   | Entered Level 5 of the Lair of Beasts
 18536 | Lair:4   | Reached XP level 14. HP: 90/113 MP: 12/20
 18713 | Lair:5   | Reached skill level 14 in Dodging
 19156 | Lair:5   | Paralysed by a hornet for 1 turns
 19349 | Lair:5   | Reached skill level 1 in Shields
 20162 | Lair:5   | Reached skill level 10 in Invocations
 21605 | D:12     | Identified the +0 scale mail of the Mind {rF+ rCorr}
 22128 | D:12     | Found a staircase to the Orcish Mines.
 22324 | D:13     | Found a frozen archway.
 22338 | IceCv    | Entered an ice cave
 22387 | IceCv    | Reached skill level 15 in Dodging
 22396 | IceCv    | Reached skill level 10 in Throwing
 22853 | IceCv    | Reached XP level 15. HP: 97/122 MP: 14/22
 23160 | IceCv    | Noticed a frost giant
 23205 | IceCv    | Killed a frost giant
 23836 | D:12     | Reached skill level 5 in Shields
 25237 | D:13     | Reached skill level 16 in Dodging
 25743 | D:13     | Found a portal to a secret trove of treasure.
 26128 | D:13     | Identified the +10 plate armour "Mulikhear" {+Blink rN+}
 26760 | D:14     | Found the ring of the Tortoise {AC+8}
 26963 | D:14     | Found a shimmering blue altar of Sif Muna.
 27540 | D:14     | Reached XP level 16. HP: 103/132 MP: 24/24
 27612 | D:14     | Found a gate to the Vaults.
 28221 | D:15     | Entered Level 15 of the Dungeon
 28365 | Orc:1    | Entered Level 1 of the Orcish Mines
 28881 | Orc:2    | Entered Level 2 of the Orcish Mines
 28881 | Orc:2    | Found a staircase to the Elven Halls.
 29397 | Orc:2    | Paralysed by an orc sorcerer for 3 turns
 29577 | Orc:2    | Found Jarott's Jewellery Shoppe.
 29599 | Orc:2    | Bought a ring of willpower for 325 gold pieces
 29810 | Orc:2    | Found Ofias's Antique Armour Boutique.
 29866 | Orc:2    | Found Goginuah's Antique Weapon Shop.
 30006 | Orc:2    | Found Pajurr's General Store.
 30014 | Orc:2    | Bought a scroll of identify for 32 gold pieces
 30014 | Orc:2    | Bought a wand of iceblast (5) for 192 gold pieces
 30014 | Orc:2    | Bought a wand of iceblast (4) for 153 gold pieces
 30014 | Orc:2    | Bought a scroll of revelation for 120 gold pieces
 30936 | D:15     | Identified the +5 falchion "Ujoskuw" {speed, Will+ Str-2
                  | Dex+4 Stlth+}
 31095 | D:15     | Found a staircase to the Depths.
 32024 | Snake:1  | Entered Level 1 of the Snake Pit
 32215 | Snake:1  | Noticed a nagaraja
 32239 | Snake:1  | Killed a nagaraja
 32368 | Snake:1  | Reached skill level 5 in Armour
 32534 | Snake:1  | Identified the +3 leather armour of Ixukk {rPois Str-2
                  | SInv}
 32613 | Snake:1  | Reached skill level 17 in Dodging
 32881 | Snake:1  | Noticed Donald
 33027 | Snake:1  | Killed Donald
 34118 | Snake:2  | Reached XP level 17. HP: 128/140 MP: 26/26
 34459 | Snake:2  | Reached skill level 10 in Evocations
 34609 | Snake:2  | Reached skill level 15 in Fighting
 34848 | Snake:3  | Noticed Saint Roka
 34944 | Snake:2  | Killed Saint Roka
 34945 | Snake:2  | Reached skill level 18 in Dodging
 36549 | Snake:3  | Found Raxot's Weapon Emporium.
 36551 | Snake:3  | Found Caje's Jewellery Shoppe.
 36553 | Snake:3  | Found Ifakumet's Assorted Antiques.
 36632 | Snake:3  | Bought a +2 double sword of flaming for 624 gold pieces
 36637 | Snake:3  | Bought the amulet "Zulaku Geel" {Reflect rCorr Dex+3 SH+5}
                  | for 733 gold pieces
 36916 | Shoals:1 | Entered Level 1 of the Shoals
 36960 | Shoals:1 | Found Estrejoa's Book Shop.
 37174 | Shoals:1 | Reached skill level 19 in Dodging
 38158 | Shoals:2 | Identified a scroll of acquirement
 38170 | Shoals:2 | You fall into a shaft and drop 1 floor!
 38506 | Shoals:3 | Reached XP level 18. HP: 153/153 MP: 27/27
 38802 | Shoals:2 | Acquired a manual of Long Blades
 40819 | Shoals:4 | Identified the "Aseitael"
 40819 | Shoals:4 | Identified the "Ysakhadgh"
 40819 | Shoals:4 | Entered Level 4 of the Shoals
 41152 | Shoals:4 | Reached skill level 15 in Long Blades
 41481 | Shoals:3 | Reached skill level 20 in Dodging
 42639 | Shoals:4 | Got a barnacled rune of Zot
 42648 | Shoals:4 | Identified the dragon-blood talisman of Disguise {rN+
                  | Dex+5}
 43492 | Snake:4  | Entered Level 4 of the Snake Pit
 43492 | Snake:4  | Noticed Asterion
 44645 | Snake:4  | Reached XP level 19. HP: 133/163 MP: 23/28
 44973 | Snake:4  | Reached skill level 21 in Dodging
 45955 | Snake:4  | Noticed Vashnia
 46221 | Snake:4  | Killed Asterion
 46729 | Snake:4  | Killed Vashnia
 47072 | Snake:4  | Got a serpentine rune of Zot
 47631 | Vaults:5 | Identified the "Xahoky"
 47631 | Crypt:3  | Identified the "Jasofiem"
 47631 | Crypt:3  | Identified the "Pucegud"
 47631 | Crypt:3  | Identified the "Ilodeps Qivy"
 47631 | Elf:1    | Entered Level 1 of the Elven Halls
 47870 | Elf:1    | Noticed an Ice Fiend
 48124 | Elf:1    | Paralysed by an air elemental for 1 turns
 48172 | Elf:1    | Reached skill level 22 in Dodging
 48331 | Elf:1    | Found Irasa's Antique Weapon Shoppe.
 48434 | Elf:1    | Found a runed translucent gate.
 48434 | Elf:1    | Found a runed translucent gate.
 48434 | Elf:1    | Found a runed translucent gate.
 48434 | Elf:1    | Noticed Adatourgh's ghost (journeyman KoHu)
 48435 | Elf:1    | Noticed perezv8180's ghost (adept GrFi)
 48712 | Elf:2    | Identified the +1 ring mail of Hutue {Harm *Corrode SInv}
 48948 | Elf:2    | Found a runed translucent gate.
 48948 | Elf:2    | Found a runed translucent gate.
 48958 | Elf:2    | Found a runed translucent gate.
 49253 | Abyss:3  | Cast into level 3 of the Abyss (a deep elf demonologist)
 49254 | Abyss:3  | Reached XP level 20. HP: 157/174 MP: 29/29
 49344 | Abyss:3  | Paralysed by you for 2 turns
 49701 | Elf:2    | Escaped the Abyss
 49720 | Elf:2    | Demolished by a reaper

Illustrated notes

Levels and vault maps discovered:
D:1:      zelgadis_glass_arrival_small, layout_loops_ring
D:2:      layout_loops_cross, basic_altar
D:3:      layout_basic, chequers_ecumenical_altar_lobes, minivault_26,
          skrybe_limestone_x
D:4:      layout_rooms, lemuel_round_altar, chequers_ossuary_entry_cave
D:5:      layout_loops_ring, doesnt_shop_hydraphobe
D:6:      layout_rooms, temple_green, chequers_serial_rivers_micro_c,
          minmay_mini_ossuary, uniq_jeremiah, uniq_blork_the_orc
D:7:      layout_cave_pools, hellmonk_ghost_happy_afterlife, serial_bayou,
          serial_bayou_pond_b, serial_bayou_lake_a, serial_bayou_pond_d,
          grunt_ministairs_7, grunt_decor_fettered, uniq_joseph, uniq_pikel,
          uniq_crazy_yiuf_cottage
D:8:      layout_cave_pods, serial_undead, serial_undead_d, serial_undead_e,
          serial_undead_b, serial_undead_f, dk_noncrumbling_2, uniq_maggie
D:9:      layout_cave_pods, grunt_gozag_statues
D:10:     layout_irregular_city
D:11:     layout_loops_cross, erik_lair_dragon, lightli_orcish_oven, uniq_harold
D:12:     nooodl_glass_maze, layout_loops_corners,
          kennysheep_orc_monster_closet_entryway
D:13:     minmay_the_grid_octo_tiled_octocenter [minmay_the_grid_octo_clover,
          minmay_the_grid_octo_focus, minmay_the_grid_octo_odd_swirl,
          minmay_the_grid_octo_fat_diamond, minmay_the_grid_octo_prize_big_c,
          minmay_the_grid_square_5x5_z, minmay_the_grid_square_5x5_inner_i,
          minmay_the_grid_square_5x5_lines,
          minmay_the_grid_square_5x5_pentomino_r], layout_small_grid,
          portal_ice_cave_rime, nicolae_trove_entry_isolated, minivault_16
D:14:     layout_roguey, hellmonk_vaults_keyhole, led_sif_pool,
          minmay_protected_statue
D:15:     grunt_enter_depths_hoard, layout_loops_ring, serial_park_gazebo
          [serial_park_minivault_5x5_8]
Lair:1:   layout_gridlike, uniq_urug
Lair:2:   layout_regular_city, nicolae_shoals_entry_roost,
          nicolae_snake_entry_warm_welcome, lemuel_centaur_altar, uniq_erica,
          uniq_gastronok
Lair:3:   layout_hall_layers, nzn_sisyphean_effort
Lair:4:   layout_regular_city, slime_entry_1, basic_altar,
          ebering_ghost_disaster_area
Lair:5:   minmay_lair_end_enchanted_forest, layout_cellular_growth
Shoals:1: layout_shoals, serial_shops, shop,
          nicolae_shoals_beach_house_on_fowls_legs
Shoals:2: layout_shoals
Shoals:3: layout_shoals, nicolae_shoals_spring_well_temple
Shoals:4: shoals_end_hellmonk_lost_city
Snake:1:  layout_gridlike, grunt_megastairs_5, uniq_donald
Snake:2:  layout_gridlike, guppyfry_library_mini
Snake:3:  layout_basic, serial_bayou, serial_bayou_ford_a, serial_bayou_pond_e,
          serial_bayou_lagoon_a, serial_bayou_pond_b, minmay_shop_star,
          uniq_saint_roka
Snake:4:  johnstein_snake_rune_scales, layout_cave_town, serial_bayou_crossing,
          uniq_asterion
Orc:1:    layout_caves
Orc:2:    grunt_orc_gardens, layout_caves, grunt_orc_garden, grunt_orc_garden,
          grunt_orc_garden, grunt_orc_garden
Elf:1:    minmay_elf_arrival_plus, layout_geoelf_octagon,
          gammafunk_ghost_cemetery, serial_shops, shop
Elf:2:    nicolae_elf_blades_splatter_lattice [nicolae_blade_entry_pointy_end],
          layout_loops_cross, amcnicky_mini_rare_corridor_liquid, minivault_16,
          drop_trap, minmay_shop_grove

Skill      XL: |  1  2  3  4  5  6  7  8  9 10 11 12 13 14 15 16 17 18 19 20 |
---------------+-------------------------------------------------------------+-----
Long Blades    | 4 5 7 9 10 13 14 17 20 | 20.4
Fighting       | 4 6 7 9 11 12 13 14 16 17 19 | 19.2
Throwing       | 4 5 7 8 10 11 12 | 12.0
Armour         | 2 3 4 5 6 |  6.0
Dodging        | 6 8 9 11 13 15 16 17 19 20 22 | 22.4
Invocations    | 3 5 7 8 9 10 11 12 | 12.0
Evocations     | 2 4 6 8 9 11 12 | 12.0
Shields        | 4 6 8 |  8.0

Action                     |  1- 3 |  4- 6 |  7- 9 | 10-12 | 13-15 | 16-18 | 19-21 || total
---------------------------+-------+-------+-------+-------+-------+-------+-------++-------
  Melee: Long sword        |   106 |   166 |   219 |   528 |  1216 |   309 |       ||  2544
         Punch             |     1 |     1 |     6 |    10 |     5 |       |     1 ||    24
         Scimitar          |       |       |       |       |    44 |     9 |       ||    53
         Unarmed           |       |       |       |       |    25 |       |       ||    25
         Tailslap          |       |       |       |       |     2 |    66 |       ||    68
         Falchion          |       |       |       |       |       |  1062 |       ||  1062
         Double sword      |       |       |       |       |       |   695 |   593 ||  1288
  Throw: Stone             |       |       |     2 |    12 |    54 |   119 |    16 ||   203
         Javelin           |       |       |       |       |       |     5 |     4 ||     9
 Invoke: Major Destruction |       |       |       |       |     4 |       |       ||     4
         Greater Servant o |       |       |       |       |       |       |     2 ||     2
  Evoke: Wand              |       |       |     4 |    12 |     9 |    24 |    11 ||    60
         Lightning rod     |       |       |       |       |     7 |     4 |     2 ||    13
    Use: Scroll            |       |     5 |     8 |     7 |    12 |    17 |     9 ||    58
         Potion            |       |     1 |       |       |     8 |     3 |    13 ||    25
   Stab: Distracted        |       |       |     2 |     4 |    12 |     8 |       ||    26
         Sleeping          |       |       |     2 |       |       |     3 |     2 ||     7
         Invisible         |       |       |       |     1 |     1 |     5 |     3 ||    10
         Petrified         |       |       |       |     5 |       |       |       ||     5
         Confused          |       |       |       |       |     1 |       |       ||     1
 Armour: Leather armour    |     9 |    61 |   119 |   257 |   702 |   511 |   339 ||  1998
         Ring mail         |    81 |    33 |       |       |       |       |       ||   114
         Plate armour      |       |       |       |       |    98 |   360 |       ||   458
         Skin              |       |       |       |       |     9 |       |       ||     9
  Dodge: Dodged            |    96 |   125 |    93 |   330 |  1050 |  1353 |   649 ||  3696
  Block: Buckler           |       |       |       |       |   260 |  1152 |   293 ||  1705
         Reflection        |       |       |       |       |       |    82 |    60 ||   142
         Other             |       |       |       |       |       |       |    60 ||    60

Table legend: (Time is in decaauts)
 A = Elapsed time spent in this place.
 B = Non-inter-level travel time spent in this place.
 C = Inter-level travel time spent in this place.
 D = Time resting spent in this place.
 E = Time spent auto-exploring this place.
 F = Levels seen in this place.
 G = Mean time per level.
                   A        B        C        D        E       F      G
               +--------+--------+--------+--------+--------+-----+--------+
         Total |  47456 |  43464 |   3992 |  12355 |  15587 |  36 | 1318.2 |
       Dungeon |  21187 |  18567 |   2620 |   4945 |   8668 |  15 | 1412.5 |
          Lair |   7665 |   6991 |    674 |   1831 |   2338 |   5 | 1533.0 |
        Shoals |   5600 |   5453 |    147 |   2194 |   1424 |   4 | 1400.0 |
     Snake Pit |   8044 |   7677 |    367 |   2516 |   1861 |   4 | 2011.0 |
  Orcish Mines |   1648 |   1600 |     48 |    397 |    567 |   2 |  824.0 |
   Elven Halls |   1613 |   1478 |    135 |    216 |    353 |   2 |  806.5 |
         Abyss |    411 |    411 |      0 |      0 |      0 |   2 |  205.5 |
       Ossuary |    236 |    236 |      0 |     65 |     61 |   1 |  236.0 |
      Ice Cave |   1048 |   1048 |      0 |    189 |    314 |   1 | 1048.0 |
               +--------+--------+--------+--------+--------+-----+--------+

Top non-repeatable levels by time:
 Snake:4: 3055 daAuts
    D:12: 2993 daAuts
     D:7: 2491 daAuts
Shoals:3: 2442 daAuts
 Snake:3: 2316 daAuts
    D:13: 2307 daAuts
  Lair:4: 2168 daAuts
  Lair:2: 1805 daAuts
    D:14: 1766 daAuts
    D:11: 1757 daAuts
  Lair:5: 1654 daAuts
Shoals:4: 1438 daAuts
     D:5: 1431 daAuts
 Snake:2: 1400 daAuts
 Snake:1: 1271 daAuts
